 Dungeon Crawl Stone Soup version 0.31-a0-204-g7da18cac08 (webtiles) character file.

Game seed: 2764145462434513350

694 lunkers the Chiller (level 8, 0/57 HPs)
             Began as a Meteoran Wanderer on June 28, 2023.
             Slain by an ice beast (9 damage)
             ... on level 6 of the Dungeon.
             The game lasted 00:08:13 (2197 turns).

lunkers the Chiller (Meteoran Wanderer)             Turns: 2197, Time: 00:08:14

Health: 0/57       AC:  5    Str: 15    XL:     8   Next: 17%
Magic:  16/16      EV: 11    Int: 22    God:
Gold:   141        SH:  0    Dex: 12    Spells: 2/16 levels left

rFire   . . .        o - +4 quarterstaff (chaos)
rCold   . . .        (shield currently unavailable)
rNeg    + . .        h - +0 robe {Will+}
rPois   .            g - +1 helmet
rElec   .            j - +0 cloak
rCorr   .            (no gloves)
SInv    .            (no boots)
Will    ++...        (no amulet)
Stlth   +            f - ring of flight
HPRegen 0.29/turn    i - ring "Ovuep" {rN+ Int+6}
MPRegen 0.15/turn

%: no passive effects
@: flying, glowing
A: sense surroundings 1, otherworldly, glowing, explore regen
a: no special abilities


You were on level 6 of the Dungeon.
You visited 1 branch of the dungeon, and saw 6 of its levels.

You collected 141 gold pieces.

Inventory:

Hand Weapons
 a - a +1 club
 m - a +2 whip of venom
 o - a +4 quarterstaff of chaos (weapon)
Armour
 g - a +1 helmet (worn)
 h - a +0 robe of willpower (worn)
 j - a +0 cloak (worn)
 q - a +0 cloak
Jewellery
 f - a ring of flight (left hand)
 i - the ring "Ovuep" (right hand) {rN+ Int+6}
   (You found it on level 3 of the Dungeon)

   [ring of intelligence]

   Int:       It affects your intelligence (+6).
   rN:        It protects you from negative energy.
Wands
 d - a wand of polymorph (1)
 l - a wand of charming (6)
Scrolls
 b - a scroll of silence
 c - a scroll of enchant armour
Potions
 e - 5 potions of brilliance
 k - a potion of heal wounds
 n - 2 potions of enlightenment {unknown}
 p - a potion of invisibility {unknown}
 r - a potion of ambrosia {unknown}
 s - a potion of mutation {unknown}


   Skills:
 - Level 2.4 Armour
 + Level 4.7 Spellcasting
 * Level 5.1 Summonings
 - Level 1.2 Transmutations
 * Level 7.5 Ice Magic
 - Level 2.4 Evocations


You had 2 spell levels left.
You knew the following spells:

 Your Spells              Type           Power      Damage    Failure   Level
a - Freeze                Ice            100%       1d10      1%          1
b - Hailstorm             Conj/Ice       21%        3d6       7%          3
c - Summon Ice Beast      Ice/Summ       33%        N/A       8%          4
d - Foxfire               Conj/Fire      20%        2x1d5     11%         1
e - Fireball              Conj/Fire      2%         3d4       96%         5

Your spell library contained the following spells:

 Spells                   Type           Power      Damage    Failure   Level
 Beastly Appendage        Tmut           20%        N/A       6%          1
 Ignite Poison            Fire/Tmut/Pois 7%         N/A       26%         3
 Plasma Beam              Fire/Air       2%         2x1d12    100%        6
 Starburst                Conj/Fire      2%         6d3       100%        6


Dungeon Overview and Level Annotations

Branches:
Dungeon (6/15) Zot: 1397
 Temple: D:4-7

Altars:
Kikubaaqudgha
Qazlal
Xom

Annotations:
D:5 Grinder


Innate Abilities, Weirdness & Mutations

You passively map a small area around you.
You are easily found by Zot.
You glow in the dark.
You regain HP and MP as you explore.


Message History

The white imp is severely wounded.
The white imp hits you. The white imp freezes you.
Your ice beast barely misses the white imp.
The ice beast hits you but does no damage.
The white imp hits you. The white imp freezes you.
You barely miss the white imp.
The white imp is severely wounded.
Your ice beast closely misses the white imp.
The ice beast hits you but does no damage.
The white imp hits you but does no damage.
You sock the white imp! You burn the white imp.
You kill the white imp!
The ice beast hits you. The ice beast freezes you.
* * * LOW HITPOINT WARNING * * *
Your ice beast hits the ice beast but does no damage.
You sock the ice beast!
You melt the ice beast!
The ice beast is severely wounded.
The ice beast hits you but does no damage.
Your ice beast barely misses the ice beast.
The ice beast hits you but does no damage.
Unknown command.
You hit the ice beast.
The ice beast is severely wounded.
Your ice beast hits the ice beast but does no damage.
The ice beast closely misses you.
Unknown command.
You barely miss the ice beast.
The ice beast is severely wounded.
Your ice beast hits the ice beast.
Your ice beast freezes the ice beast.
The ice beast completely resists.
The ice beast hits you.
* * * LOW HITPOINT WARNING * * *
The ice beast freezes you!
* * * LOW HITPOINT WARNING * * *
Your ice beast hits the ice beast but does no damage.
You hit the ice beast.
The ice beast goes berserk!
The ice beast is almost dead.
The ice beast barely misses you. The ice beast hits you.
* * * LOW HITPOINT WARNING * * *
The ice beast freezes you!
You die...

, ........... ,,
..........<. , , <
......##..# # #.**
#.....#.Y.# .. * ##.#
#....#...# ,...
#...####.......P♣ P... #
#.............#P♣P.... ,
.##........###.Y#..P....
.......#..####.Y@.♣ * ,
.......#.).##.....# * **
....>..#.........##
..P..♣.........###
....P..#.........#
....P.....###..###
...P.P.#.## ####
......#### ..#...##


You could see an ice beast (berserk, ally target) and a friendly ice beast
(summoned).

Vanquished Creatures
  A golden eye (D:4)
  A bullfrog (D:4)
  3 scorpions (D:5)
  2 hounds
  Jessica (D:2)
  An orc wizard (D:5)
  5 adders
  A white imp (D:6)
  A worm (D:3)
  2 dart slugs (D:3)
  5 orcs
  7 ball pythons
  6 bats
  2 endoplasms
  3 giant cockroaches
  5 goblins
  5 hobgoblins
  5 jackals (D:2)
  3 quokkas
  3 frilled lizards
  4 kobolds
  3 rats
69 creatures vanquished.

Vanquished Creatures (collateral kills)
  A wight (D:6)
  Crazy Yiuf (D:5)
  A white imp (D:6)
3 creatures vanquished.

Vanquished Creatures (others)
  A human (D:4)
  A quokka (D:6)
2 creatures vanquished.

Grand Total: 74 creatures vanquished

Notes
Turn   | Place    | Note
-------+----------+-------------------------------------------
     0 | D:1      | lunkers the Meteoran Wanderer began the quest for the Orb.
     0 | D:1      | lunkers set off with the following items: a +0 club, a
                  | scroll of silence, a +0 robe, a wand of polymorph (4); and
                  | the following spells available to memorise: Freeze, Beastly
                  | Appendage, Hailstorm, Ignite Poison, Summon Ice Beast.
     0 | D:1      | Reached XP level 1. HP: 14/14 MP: 3/3
    87 | D:1      | Learned a level 1 spell: Freeze
   110 | D:1      | Reached XP level 2. HP: 20/20 MP: 3/5
   295 | D:2      | Reached XP level 3. HP: 26/26 MP: 5/7
   339 | D:2      | Reached skill level 5 in Ice Magic
   391 | D:2      | Noticed Jessica
   402 | D:2      | Killed Jessica
   403 | D:2      | Reached XP level 4. HP: 33/33 MP: 3/9
   435 | D:2      | Learned a level 3 spell: Hailstorm
   440 | D:2      | Learned a level 4 spell: Summon Ice Beast
   465 | D:2      | Found a shimmering altar of Xom.
   788 | D:3      | Reached XP level 5. HP: 37/38 MP: 7/10
   825 | D:3      | Reached skill level 1 in Summonings
  1011 | D:3      | Reached skill level 6 in Ice Magic
  1213 | D:3      | Identified the ring "Ovuep" {rN+ Int+6}
  1278 | D:4      | Noticed a bullfrog
  1280 | D:4      | Noticed an ice beast
  1285 | D:4      | Killed a bullfrog
  1286 | D:4      | Reached XP level 6. HP: 40/45 MP: 5/12
  1287 | D:4      | an ice beast changed into a rime drake
  1287 | D:4      | Noticed a rime drake
  1291 | D:4      | a rime drake changed into a golden eye
  1291 | D:4      | Noticed a golden eye
  1293 | D:4      | Killed a golden eye
  1294 | D:4      | Reached XP level 7. HP: 34/50 MP: 1/14
  1601 | D:4      | Found an ancient bone altar of Kikubaaqudgha.
  1602 | D:4      | Noticed a human
  1605 | D:4      | Killed a human
  1645 | D:5      | Entered Level 5 of the Dungeon
  1646 | D:5      | Noticed Grinder
  1722 | D:5      | Learned a level 1 spell: Foxfire
  1728 | D:5      | Learned a level 5 spell: Fireball
  1829 | D:5      | Reached skill level 7 in Ice Magic
  1832 | D:5      | Found a stormy altar of Qazlal.
  1881 | D:5      | Reached XP level 8. HP: 44/57 MP: 9/15
  1937 | D:5      | Found a runed translucent door.
  1937 | D:5      | Noticed Crazy Yiuf
  2006 | D:5      | Killed Crazy Yiuf
  2181 | D:6      | Reached skill level 5 in Summonings
  2197 | D:6      | Slain by an ice beast

Illustrated notes

Levels and vault maps discovered:
D:1:      onia_arrival_mini_maze_b, layout_loops_ring,
          hellmonk_ecumenical_altar_arch_garden, bh_walls_and_bars
D:2:      layout_basic, basic_altar, nrook_loot_triangle, uniq_jessica
D:3:      layout_basic, serial_glass, glass_columns_b, glass_columns_b,
          feat_on_display
D:4:      layout_loops_cross, tgw_kikubaaqudgha
D:5:      layout_basic, kennysheep_mini, uniq_crazy_yiuf_cottage,
          uniq_eustachio, uniq_grinder
D:6:      layout_cave_pools, elyvilon_altar_4, tgw_trog, jmf_multi_god_temple,
          amcnicky_altar_gilded, serial_demonic, serial_demonic_g,
          serial_demonic_g, serial_demonic_b, serial_demonic_c,
          serial_demonic_b, serial_demonic_b, serial_demonic_e,
          serial_demonic_e, serial_shops, shop, nicolae_diamond_shop,
          nicolae_diamond_shop, uniq_prince_ribbit1

Skill      XL: |  1  2  3  4  5  6  7  8 |
---------------+-------------------------+-----
Spellcasting   | 2 3 4 |  4.7
Ice Magic      | 5 6 7 |  7.5
Summonings     | 2 3 4 5 |  5.1
Armour         | |  2.4
Transmutations | |  1.2
Evocations     | |  2.4

Action                     |  1- 3 |  4- 6 |  7- 9 || total
---------------------------+-------+-------+-------++-------
  Melee: Club              |    15 |     1 |       ||    16
         Quarterstaff      |       |       |    10 ||    10
   Cast: Freeze            |    23 |    61 |    37 ||   121
         Summon Ice Beast  |       |       |     5 ||     5
  Evoke: Wand              |       |     3 |       ||     3
    Use: Scroll            |       |     4 |     3 ||     7
 Armour: Robe              |    11 |    16 |    14 ||    41
  Dodge: Dodged            |    13 |    17 |    21 ||    51

Table legend: (Time is in decaauts)
 A = Elapsed time spent in this place.
 B = Non-inter-level travel time spent in this place.
 C = Inter-level travel time spent in this place.
 D = Time resting spent in this place.
 E = Time spent auto-exploring this place.
 F = Levels seen in this place.
 G = Mean time per level.
                   A        B        C        D        E       F      G
               +--------+--------+--------+--------+--------+-----+--------+
         Total |   2201 |   2098 |    103 |      0 |   1467 |   6 |  366.8 |
       Dungeon |   2201 |   2098 |    103 |      0 |   1467 |   6 |  366.8 |
               +--------+--------+--------+--------+--------+-----+--------+

Top non-repeatable levels by time:
     D:2: 528 daAuts
     D:3: 489 daAuts
     D:5: 441 daAuts
     D:4: 424 daAuts
     D:1: 239 daAuts
     D:6: 78 daAuts
